 Dungeon Crawl Stone Soup version 0.22.1-1-ga44c0e56f4 (webtiles) character file.

688 Isojytky the Chopper (level 7, -2/53 HPs)
             Began as a Demonspawn Gladiator on Nov 5, 2018.
             Slain by a six-headed hydra (6 damage)
             ... on level 11 of the Dungeon.
             The game lasted 00:15:57 (2522 turns).

Isojytky the Chopper (Demonspawn Gladiator)         Turns: 2522, Time: 00:15:57

Health: -2/53      AC: 15    Str: 16    XL:     7   Next: 36%
Magic:  0/7        EV: 12    Int:  9    God:
Gold:   135        SH:  0    Dex: 15    Spells: 6/6 levels left

rFire    + . .     SeeInvis .   a - +0 war axe
rCold    . . .     Gourm    .   (no shield)
rNeg     . . .     Faith    .   i - +0 ring mail {rF+}
rPois    .         Spirit   +   c - +0 helmet
rElec    .         Reflect  .   (no cloak)
rCorr    .         Harm     .   (no gloves)
MR       .....                  (no boots)
Stlth    +.........             (no amulet)
HPRegen  0.17/turn              (no ring)
MPRegen  0.10/turn              (no ring)

@: sanguine armour
A: spiny 1, magic shield, sanguine armour 2
a: no special abilities


You were on level 11 of the Dungeon.
You were not hungry.

You visited 1 branch of the dungeon, and saw 9 of its levels.

You collected 135 gold pieces.

Inventory:

Hand Weapons
 a - a +0 war axe (weapon)
 j - a +0 flail
Missiles
 d - 3 throwing nets (quivered)
Armour
 b - a +0 leather armour
 c - a +0 helmet (worn)
 i - a +0 ring mail of fire resistance (worn)
Wands
 g - a wand of iceblast (12)
 h - a wand of paralysis (1)
Scrolls
 e - 3 scrolls of identify
 k - a scroll of fog {unknown}
 l - a scroll of blinking
Comestibles
 f - 6 rations


   Skills:
 + Level 3.7 Fighting
 + Level 6.2 Axes
 + Level 1.9 Throwing
 + Level 2.3 Armour
 + Level 3.5 Dodging
 + Level 0.7 Stealth


You had 6 spell levels left.
You didn't know any spells.
Your spell library was empty.

Dungeon Overview and Level Annotations

Branches:
Dungeon (8/15)
 Temple: D:4-7         Lair: D:8-11

Altars:
Uskayaw
The Shining One

Shops:
D:4 }


Innate Abilities, Weirdness & Mutations

You are partially covered in sharp spines.
When hurt, damage is shared between your health and your magic reserves.
When seriously injured, your bleeding wounds create thick armour. (AC +9)


Message History

A five-headed hydra comes into view.
Found 19 gold pieces.
The cyclops throws a large rock.
The large rock hits you!
You see here a large rock.
The five-headed hydra is struck by your spines.
The five-headed hydra bites you but does no damage.
The five-headed hydra bites you. The five-headed hydra misses you.
The five-headed hydra closely misses you.
The five-headed hydra bites you but does no damage.
You hack one of the five-headed hydra's heads off!
The four-headed hydra grows two more!
You hit the six-headed hydra.
The six-headed hydra is lightly wounded.
The six-headed hydra is struck by your spines.
The six-headed hydra bites you!
* * * LOW HITPOINT WARNING * * *
The six-headed hydra bites you.
* * * LOW HITPOINT WARNING * * *
The six-headed hydra bites you but does no damage. x3
The six-headed hydra bites you.
You die...

.# #########.#
#.........#
#.........#
#.........#
#.....C...#
#.$...D...#
#.....@...##########
#.....(...(.........
#........###########
......##### ......
...... ##+##


You could see a six-headed hydra and a cyclops.

Vanquished Creatures
  A necrophage (D:7)
  A centaur (D:7)
  2 scorpions
  4 howler monkeys
  A bullfrog zombie (D:6)
  An orc priest (D:4)
  2 hounds
  A centaur skeleton (D:3)
  Ijyb (D:3)
  2 adders (D:3)
  4 worms
  A dart slug (D:4)
  3 leopard geckos
  6 orcs
  2 giant cockroaches (D:1)
  5 goblins
  8 hobgoblins
  6 jackals
  A ball python (D:2)
  2 bats
  3 frilled lizards
  5 kobolds
  10 rats
72 creatures vanquished.

Notes
Turn   | Place    | Note
-------+----------+-------------------------------------------
     0 | D:1      | Isojytky the Demonspawn Gladiator began the quest for the
                  | Orb.
     0 | D:1      | Reached XP level 1. HP: 16/16 MP: 1/1
    25 | D:1      | Reached skill level 3 in Axes
    45 | D:1      | Gained mutation: When seriously injured, your bleeding
                  | wounds create armour. (AC +9) [demonic ancestry]
    45 | D:1      | Reached XP level 2. HP: 21/22 MP: 2/2
   923 | D:2      | Gained mutation: You are partially covered in sharp spines.
                  | [demonic ancestry]
   923 | D:2      | Reached XP level 3. HP: 11/27 MP: 3/3
  1257 | D:3      | Reached skill level 1 in Armour
  1261 | D:3      | Gained mutation: When hurt, damage is shared between your
                  | health and your magic reserves. [demonic ancestry]
  1261 | D:3      | Reached XP level 4. HP: 19/34 MP: 4/4
  1397 | D:3      | Noticed Ijyb
  1411 | D:3      | Paralysed by Ijyb for 7 turns
  1422 | D:3      | Paralysed by Ijyb for 6 turns
  1444 | D:3      | Paralysed by Ijyb for 3 turns
  1483 | D:2      | Found a glowing golden altar of the Shining One.
  1789 | D:3      | Paralysed by Ijyb for 7 turns
  1809 | D:3      | Killed Ijyb
  1809 | D:3      | Reached skill level 4 in Axes
  1866 | D:4      | Reached XP level 5. HP: 32/39 MP: 3/5
  2010 | D:4      | Found Ekiuporch's Gadget Shoppe.
  2013 | D:4      | Found a hide-covered altar of Uskayaw.
  2142 | D:5      | Entered Level 5 of the Dungeon
  2175 | D:6      | Reached XP level 6. HP: 38/47 MP: 4/6
  2228 | D:6      | Reached skill level 5 in Axes
  2323 | D:7      | Gained mutation: When seriously injured, your bleeding
                  | wounds create thick armour. (AC +9) [demonic ancestry]
  2323 | D:7      | Reached XP level 7. HP: 22/52 MP: 7/7
  2376 | D:7      | Reached skill level 6 in Axes
  2514 | D:8      | You fall through a shaft for 3 floors!
  2516 | D:11     | Noticed a cyclops
  2517 | D:11     | Noticed a five-headed hydra
  2522 | D:11     | Slain by a six-headed hydra

Skill      XL: |  1  2  3  4  5  6  7 |
---------------+----------------------+-----
Axes           | 3 4 5 6 |  6.2
Dodging        | 3 |  3.5
Armour         | 1 2 |  2.3
Fighting       | 3 |  3.7
Throwing       | |  1.9
Stealth        | |  0.7

Action                   |  1- 3 |  4- 6 |  7- 9 || total
-------------------------+-------+-------+-------++-------
Melee: War axe           |    62 |    85 |    11 ||   158
  Use: Potion            |     4 |     2 |       ||     6
       Scroll            |     2 |     3 |       ||     5
 Stab: Sleeping          |     1 |       |       ||     1
       Invisible         |       |     1 |       ||     1
  Eat: Ration            |     1 |     1 |       ||     2
Armor: Leather armour    |    17 |    21 |       ||    38
       Skin              |     1 |       |       ||     1
       Ring mail         |       |    18 |     9 ||    27
Dodge: Dodged            |    49 |    72 |     7 ||   128
